 Dungeon Crawl Stone Soup version 0.30.0-29-ga12c61a403 (webtiles) character file.

Game seed: 2170740804350650027

89772 croobank the Thaumaturge (level 15, -12/117 HPs)
             Began as a Gnoll Fire Elementalist on June 5, 2023.
             Was an Initiate of Gozag.
             Mangled by an orc knight
             ... wielding a +0 glaive
              (33 damage)
             ... on level 2 of the Orcish Mines.
             The game lasted 01:45:37 (29021 turns).

croobank the Thaumaturge (Gnoll Fire Elementalist) Turns: 29021, Time: 01:45:38

Health: -12/117    AC: 17    Str:  8    XL:     15   Next: 98%
Magic:  4/30       EV: 19    Int: 20    God:    Gozag
Gold:   3876       SH: 16    Dex: 14    Spells: 22/37 levels left

rFire   + . .        D - +8 long sword (flame)
rCold   x . .        N - +5 kite shield {reflect}
rNeg    + . .        Y - +2 acid dragon scales
rPois   .            f - +2 helmet
rElec   .            (no cloak)
rCorr   +            d - +2 pair of gloves of Naomim {rN+}
SInv    .            (no boots)
Will    +....        u - amulet of magic regeneration
Stlth   ++++         h - +5 ring of evasion
HPRegen 0.39/turn    n - ring of fire
MPRegen 0.62/turn

%: reflection
@: very slightly contaminated
A: fangs 1, strong nose, distributed training
a: Renounce Religion, Potion Petition, Call Merchant, Bribe Branch


You were on level 2 of the Orcish Mines.
You worshipped Gozag.
Gozag was most pleased with you.
You visited 4 branches of the dungeon, and saw 21 of its levels.
You also visited: Ossuary.

You collected 5926 gold pieces.
You spent 1521 gold pieces at shops.
You paid 529 gold pieces to Gozag.

Inventory:

Hand Weapons
 c - a +3 dagger of venom
 z - the +6 falchion of Change {flame, Dex+3}
   (You found it on level 5 of the Lair of Beasts)

   Dex:       It affects your dexterity (+3).
 C - a +3 long sword of holy wrath
 D - a +8 long sword of flaming (weapon)
 J - the +6 rapier of Noliti {heavy, rPois}
   (You found it on level 7 of the Dungeon)

   rPois:     It protects you from poison.
 M - a +4 executioner's axe of venom
 T - a +2 flail of holy wrath
 Z - a +0 broad axe
Missiles
 q - 6 atropa-tipped darts
 L - 7 curare-tipped darts
Armour
 d - the +2 pair of gloves of Naomim (worn) {rN+}
   (You found it on level 2 of the Lair of Beasts)

   rN:        It protects you from negative energy.
 f - a +2 helmet (worn)
 N - a +5 kite shield of reflection (worn)
 Y - +2 acid dragon scales (worn)
Magical Staves
 t - a staff of fire
Jewellery
 h - a +5 ring of evasion (left hand)
 n - a ring of fire (right hand)
 o - a ring of magical power
 s - a ring of willpower
 u - an amulet of magic regeneration (around neck)
 W - a +4 ring of protection
Wands
 a - a wand of iceblast (10)
 j - a wand of flame (39)
 v - a wand of mindburst (26)
 y - a wand of charming (10)
 Q - a wand of acid (17)
 U - a wand of polymorph (8)
Scrolls
 i - 6 scrolls of teleportation
 m - 2 scrolls of silence
 p - a scroll of fear
 F - 5 scrolls of amnesia
 H - 3 scrolls of blinking
 O - 2 scrolls of poison
 P - 2 scrolls of vulnerability
 R - a scroll of summoning
 S - a scroll of acquirement
 V - 4 scrolls of magic mapping
Potions
 b - 2 potions of magic
 g - 2 potions of ambrosia
 k - 5 potions of attraction
 l - 2 potions of haste
 r - 6 potions of brilliance
 w - 8 potions of curing
 x - 3 potions of might
 A - 5 potions of lignification
 B - 4 potions of mutation
 E - 4 potions of invisibility
 I - 4 potions of cancellation
 K - a potion of resistance
 X - 2 potions of flight
Miscellaneous
 e - a tin of tremorstones (2/2)


   Skills:
 + Level 10.5 Fighting
 + Level 10.5 Short Blades
 + Level 10.5 Long Blades
 + Level 10.5 Axes
 + Level 10.5 Maces & Flails
 + Level 10.5 Polearms
 + Level 10.5 Staves
 + Level 10.5 Ranged Weapons
 + Level 10.5 Throwing
 + Level 10.5 Armour
 + Level 11.4 Dodging
 + Level 11.3 Stealth
 + Level 10.5 Shields
 + Level 10.5 Unarmed Combat
 + Level 11.6 Spellcasting
 + Level 9.1 Conjurations
 + Level 8.8 Hexes
 + Level 8.8 Summonings
 + Level 8.8 Necromancy
 + Level 8.8 Translocations
 + Level 8.8 Transmutations
 + Level 10.4 Fire Magic
 + Level 8.8 Ice Magic
 + Level 8.8 Air Magic
 + Level 8.8 Earth Magic
 + Level 8.8 Poison Magic
 + Level 11.4 Invocations
 + Level 10.5 Evocations


You had 22 spell levels left.
You knew the following spells:

 Your Spells              Type           Power      Damage    Failure   Level
a - Foxfire               Conj/Fire      100%       2x1d9     1%          1
b - Scorch                Fire           100%       2d9       1%          2
c - Inner Flame           Hex/Fire       66%        N/A       1%          3
d - Flame Wave            Conj/Fire      66%        2d15      5%          4
e - Arcjolt               Conj/Air       23%        1d33      22%         5

Your spell library contained the following spells:

 Spells                   Type           Power      Damage    Failure   Level
 Volatile Blastmotes      Fire/Tloc      100%       2d18      1%          3
 Dazzling Flash           Conj/Hex       94%        N/A       2%          3
 Tukima's Dance           Hex            47%        N/A       2%          3
 Vhi's Electric Charge    Tloc/Air       94%        N/A       2%          3
 Sticky Flame             Conj/Fire      66%        2d8       5%          4
 Cause Fear               Hex            23%        N/A       8%          4
 Fulminant Prism          Conj/Hex       23%        3d12      8%          4
 Leda's Liquefaction      Hex/Erth       23%        N/A       8%          4
 Lee's Rapid Deconstruct  Erth           23%        3d13*     22%         5
 Yara's Violent Unravell  Hex/Tmut       23%        3d10      22%         5
 Plasma Beam              Fire/Air       33%        2x1d50    65%         6
 Statue Form              Tmut/Erth      31%        N/A       77%         6
 Dragon Form              Tmut           23%        N/A       100%        7
 Enfeeble                 Hex            23%        N/A       100%        7
 Dragon's Call            Summ           23%        N/A       100%        9


Dungeon Overview and Level Annotations

Branches:
Dungeon (13/15)            Temple (1/1) D:7            Lair (5/5) D:10
 Shoals (0/4) Lair:3        Snake (0/4) Lair:3        Slime (0/5) Lair:5
    Orc (2/2) D:10            Elf (0/3) Orc:2       Ossuary (visited)
 Vaults: D:13-14

Altars:
Gozag
Hepliaklqana
Makhleb
Qazlal
Xom
Zin
The Shining One
Jiyva

Shops:
D:1 *   D:3 [[(   D:5 *   D:8 ?

Portals:
Bailey: D:8

Annotations:
Orc:1 2 transporters


Innate Abilities, Weirdness & Mutations

You have very sharp teeth.
Your uncanny sense of smell can sniff out nearby items.
Your experience applies equally to all skills.


Message History

The orc warrior is no longer distracted by gold.
The flame wave engulfs the orc warrior!!
You kill the orc warrior! (Press . to intensify the flame waves.)
You block the orc warrior's attack.
A wave of flame ripples out!
The flame wave engulfs the orc warrior!
You kill the orc warrior!
The flame wave engulfs the orc knight!!
The orc knight is moderately wounded.
The orc knight unwields a +0 arbalest.
The orc knight wields a +0 glaive.
The orc knight hits you with a +0 glaive!
A wave of flame ripples out!
The flame wave engulfs the orc knight.
The orc knight is moderately wounded.
You finish channelling waves of flame.
You hear a shout! x2
The orc knight hits you with a +0 glaive!!!
* * * LOW HITPOINT WARNING * * *
Casting: Flame Wave (dangerous; 5% risk of failure)
Confirm with . or Enter, or press ? or * to list all spells.
You feel a surge of power!
Flames lash the orc knight.
The orc knight is heavily wounded.
The orc knight's fire resistance burns away.
The orc knight hits you with a +0 glaive.
* * * LOW HITPOINT WARNING * * *
You feel much better. The orc knight barely misses you.
Casting: Scorch (safe; 1% risk of failure)
Confirm with . or Enter, or press ? or * to list all spells.
Electricity surges outward!
The orc knight is struck by an electric surge!!
The orc knight is almost dead.
The orc knight hits you with a +0 glaive!
* * * LOW HITPOINT WARNING * * *
Casting: Arcjolt (dangerous; 22% risk of failure)
Confirm with . or Enter, or press ? or * to list all spells.
You miscast Arcjolt.
You are very lightly contaminated with residual magic.
Nothing appears to happen.
The orc knight hits you with a +0 glaive!!
You die...
Your body crumbles into a pile of gold.

#.oo..... ## ##.)#.........
##.# .......$..... ##
#...##).#....$.... $$
##.###.#.<.$...$....#..
#...#......$$....$...... #.T
#....#....$.$..........###...
$......#....o$$......<.......
#..........$@$.$...........o.
.....#......$$..$........#.#.
#...##..#...<..$........#....
##.##...#...$........#.#...^.
###..........)$.......$....#
#...#...#......#......#....
#....#.....................
##.................#.......
##>.................###.##.


You could see an orc knight (strong, combustible).

Vanquished Creatures
  Snorg (Orc:1)
  A fire dragon (Lair:5)
  4 hydras
  A centaur warrior (D:12)
  A catoblepas (Lair:2)
  2 boulder beetles
  5 two-headed ogres
  An alligator (Lair:5)
  4 death yaks (Lair:4)
  A tengu warrior (D:8)
  3 skysharks
  A swamp dragon (Lair:5)
  2 cyclopes
  2 orc knights
  2 ugly things
  An orc sorcerer (Orc:2)
  11 elephants
  3 centaur zombies (D:7)
  2 merfolk sirens (Lair:3)
  A torpor snail (Lair:5)
  Maggie (D:10)
  4 black mambas
  An unseen horror (D:11)
  3 cane toads (Lair:5)
  2 kobold demonologists
  6 rime drakes
  2 centaur skeletons (D:7)
  9 komodo dragons
  10 polar bears (Lair:5)
  8 trolls
  2 hellwings (D:7)
  2 merfolk (Lair:3)
  A troll (shapeshifter) (D:12)
  2 raiju (Lair:5)
  A hornet (D:8)
  13 blink frogs
  6 dream sheep (Lair:5)
  3 slime creatures (D:12)
  28 yaks
  A shadow (D:8)
  2 vampires (D:11)
  7 basilisks
  A fire elemental (Lair:4)
  3 wyverns
  3 wraiths
  4 fire bats (Lair:4)
  2 vampire mosquitoes (D:12)
  2 steam dragons
  A naga (Lair:3)
  7 wargs
  3 acid dragons
  2 swamp drakes (Lair:5)
  An ice beast (D:6)
  21 orc warriors
  15 hell hounds
  14 water moccasins
  A sky beast (D:8)
  14 black bears
  33 wolves
  2 ogres
  10 centaurs
  2 kobold brigands
  A phantom (D:6)
  9 bullfrogs
  2 gnoll sergeants
  3 scorpions
  9 wights
  17 killer bees
  2 electric eels (Lair:4)
  3 howler monkeys
  4 lava snakes (Lair:4)
  A human zombie (Ossuary)
  A jelly (D:8)
  A hound (D:5)
  14 orc priests
  Jessica (D:2)
  8 iguanas
  23 orc wizards
  5 hell rats (Lair:4)
  A boggart skeleton (D:7)
  3 mummies (Ossuary)
  8 gnolls
  5 adders
  4 shadow imps
  A white imp (D:4)
  2 ufetubi (D:6)
  3 worms
  3 dart slugs
  74 orcs
  5 ball pythons
  7 bats
  6 endoplasms
  A giant cockroach (D:4)
  6 goblins
  8 hobgoblins
  2 jackals (D:2)
  18 kobolds
  2 quokkas (D:4)
  A frilled lizard (D:3)
  3 gnoll zombies (Ossuary)
  A goblin zombie (D:4)
  7 hobgoblin zombies
  A kobold skeleton (D:4)
  2 kobold zombies (Ossuary)
  2 orc skeletons (D:4)
  2 orc zombies (D:4)
  4 rats
  A fire vortex (Lair:4)
591 creatures vanquished.

Vanquished Creatures (collateral kills)
  A giant cockroach (D:4)
  32 foxfires
33 creatures vanquished.

Vanquished Creatures (others)
  A manticore (D:12)
  1340 foxfires
1341 creatures vanquished.

Grand Total: 1965 creatures vanquished

Notes
Turn   | Place    | Note
-------+----------+-------------------------------------------
     0 | D:1      | croobank the Gnoll Fire Elementalist began the quest for
                  | the Orb.
     0 | D:1      | Reached XP level 1. HP: 13/13 MP: 6/6
    35 | D:1      | Found Vios's Assorted Antiques.
   141 | D:1      | Reached XP level 2. HP: 19/19 MP: 3/7
   375 | D:1      | Learned a level 2 spell: Scorch
   509 | D:1      | Bought a red potion for 25 gold pieces
   609 | D:1      | Found a faded altar of an unknown god.
  1002 | D:2      | Noticed Jessica
  1015 | D:2      | Killed Jessica
  1016 | D:2      | Reached skill level 1 in Fighting
  1016 | D:2      | Reached skill level 1 in Short Blades
  1016 | D:2      | Reached skill level 1 in Long Blades
  1016 | D:2      | Reached skill level 1 in Axes
  1016 | D:2      | Reached skill level 1 in Maces & Flails
  1016 | D:2      | Reached skill level 1 in Polearms
  1016 | D:2      | Reached skill level 1 in Staves
  1016 | D:2      | Reached skill level 1 in Ranged Weapons
  1016 | D:2      | Reached skill level 1 in Throwing
  1016 | D:2      | Reached skill level 1 in Armour
  1016 | D:2      | Reached skill level 1 in Shields
  1016 | D:2      | Reached skill level 1 in Unarmed Combat
  1016 | D:2      | Reached skill level 5 in Spellcasting
  1016 | D:2      | Reached skill level 1 in Invocations
  1016 | D:2      | Reached skill level 1 in Evocations
  1016 | D:2      | Reached XP level 3. HP: 17/26 MP: 0/9
  1023 | D:2      | Reached XP level 4. HP: 22/32 MP: 0/11
  1751 | D:3      | Reached skill level 1 in Hexes
  1751 | D:3      | Reached skill level 1 in Summonings
  1751 | D:3      | Reached skill level 1 in Necromancy
  1751 | D:3      | Reached skill level 1 in Translocations
  1751 | D:3      | Reached skill level 1 in Transmutations
  1751 | D:3      | Reached skill level 1 in Ice Magic
  1751 | D:3      | Reached skill level 1 in Air Magic
  1751 | D:3      | Reached skill level 1 in Earth Magic
  1751 | D:3      | Reached skill level 1 in Poison Magic
  1992 | D:3      | Learned a level 3 spell: Inner Flame
  2143 | D:3      | Found Nixoabiv's Armour Shoppe.
  2334 | D:3      | Found Cot Doon's Antique Armour Shop.
  2467 | D:3      | Found Satojot's Weapon Shoppe.
  2814 | D:4      | Reached XP level 5. HP: 37/37 MP: 3/12
  2897 | D:4      | Found a glowing golden altar of the Shining One.
  2984 | D:4      | Noticed an ogre
  2992 | D:4      | Killed an ogre
  2993 | D:4      | Reached XP level 6. HP: 44/44 MP: 4/14
  3130 | D:4      | Found a sand-covered staircase.
  3139 | Ossuary  | Entered an ossuary
  3211 | Ossuary  | Reached skill level 5 in Dodging
  3678 | D:4      | Noticed a black bear
  3686 | D:4      | Killed a black bear
  3773 | D:4      | Found a stormy altar of Qazlal.
  4123 | D:5      | Entered Level 5 of the Dungeon
  4203 | D:1      | Bought a scroll of identify for 56 gold pieces
  4203 | D:1      | Bought 2 sapphire potions for 50 gold pieces
  4279 | D:5      | Found Euroll's Eclectic Emporium.
  4315 | D:5      | Reached XP level 7. HP: 50/50 MP: 10/15
  5062 | D:6      | Noticed a steam dragon
  5253 | D:6      | Killed a steam dragon
  5254 | D:6      | Reached skill level 5 in Stealth
  5528 | D:6      | Reached XP level 8. HP: 26/58 MP: 16/16
  6434 | D:6      | Found an opulent altar of Gozag.
  6449 | D:6      | Became a worshipper of Gozag Ym Sagoz the Greedy
  6562 | D:7      | Found a staircase to the Ecumenical Temple.
  6594 | D:7      | Noticed a hellwing
  6595 | D:7      | Noticed a hellwing
  6767 | D:7      | Killed a hellwing
  6895 | D:8      | Reached XP level 9. HP: 29/65 MP: 18/18
  7085 | D:7      | HP: 1/65 [centaur warrior zombie (8)]
  7130 | D:7      | Found a flagged portal.
  8656 | Temple   | Entered the Ecumenical Temple
  8705 | D:7      | Killed a hellwing
  8706 | D:7      | Reached skill level 5 in Invocations
  8905 | D:7      | Reached skill level 5 in Fighting
  8905 | D:7      | Reached skill level 5 in Short Blades
  8905 | D:7      | Reached skill level 5 in Long Blades
  8905 | D:7      | Reached skill level 5 in Axes
  8905 | D:7      | Reached skill level 5 in Maces & Flails
  8905 | D:7      | Reached skill level 5 in Polearms
  8905 | D:7      | Reached skill level 5 in Staves
  8905 | D:7      | Reached skill level 5 in Ranged Weapons
  8905 | D:7      | Reached skill level 5 in Throwing
  8905 | D:7      | Reached skill level 5 in Armour
  8905 | D:7      | Reached skill level 5 in Shields
  8905 | D:7      | Reached skill level 5 in Unarmed Combat
  8905 | D:7      | Reached skill level 5 in Evocations
  8990 | D:7      | Reached XP level 10. HP: 74/74 MP: 4/20
  9724 | D:7      | Identified the +6 rapier of Noliti {heavy, rPois}
  9824 | D:7      | Reached skill level 5 in Conjurations
 10542 | D:5      | Bought a potion of experience for 650 gold pieces
 10542 | D:5      | Reached skill level 5 in Hexes
 10542 | D:5      | Reached skill level 5 in Summonings
 10542 | D:5      | Reached skill level 5 in Necromancy
 10542 | D:5      | Reached skill level 5 in Translocations
 10542 | D:5      | Reached skill level 5 in Transmutations
 10542 | D:5      | Reached skill level 5 in Ice Magic
 10542 | D:5      | Reached skill level 5 in Air Magic
 10542 | D:5      | Reached skill level 5 in Earth Magic
 10542 | D:5      | Reached skill level 5 in Poison Magic
 10542 | D:5      | Reached XP level 11. HP: 83/83 MP: 21/23
 10603 | D:8      | Found Gixoll Niom's Magic Scroll Emporium.
 10611 | D:8      | Bought a scroll of identify for 20 gold pieces
 10759 | D:9      | Noticed a tengu warrior
 11126 | D:7      | Learned a level 4 spell: Flame Wave
 11155 | D:8      | Killed a tengu warrior
 12735 | D:10     | Entered Level 10 of the Dungeon
 12802 | D:9      | Noticed a two-headed ogre
 12808 | D:9      | Killed a two-headed ogre
 13059 | D:10     | Reached XP level 12. HP: 91/91 MP: 24/24
 13106 | D:10     | Noticed a two-headed ogre
 13527 | D:10     | Found a glowing silver altar of Zin.
 13553 | D:10     | Noticed Maggie
 13579 | D:10     | Killed Maggie
 14104 | D:10     | Found a staircase to the Orcish Mines.
 14508 | D:10     | Noticed a two-headed ogre
 14514 | D:10     | Killed a two-headed ogre
 14664 | D:10     | Noticed a two-headed ogre
 14670 | D:10     | Killed a two-headed ogre
 15062 | D:10     | Found a staircase to the Lair.
 16759 | D:12     | Noticed a centaur warrior
 17062 | D:12     | Found a hazy altar of Hepliaklqana.
 17306 | D:12     | Noticed a boulder beetle
 17317 | D:12     | Killed a centaur warrior
 17318 | D:12     | Reached XP level 13. HP: 93/98 MP: 18/26
 18410 | Lair:1   | Entered Level 1 of the Lair of Beasts
 18485 | Lair:1   | You fall into a shaft and drop 1 floor!
 19162 | Lair:1   | Reached skill level 10 in Spellcasting
 20734 | Lair:2   | Identified the +2 pair of gloves of Naomim {rN+}
 20878 | Lair:3   | Reached skill level 10 in Dodging
 21402 | Lair:3   | Found a staircase to the Shoals.
 21420 | Lair:3   | Identified the +3 chain mail of Inference {rC+}
 21427 | Lair:3   | Found a staircase to the Snake Pit.
 21635 | Lair:3   | Reached skill level 10 in Stealth
 21941 | Lair:4   | Reached skill level 10 in Invocations
 21941 | Lair:4   | Reached XP level 14. HP: 108/108 MP: 28/28
 22509 | Lair:4   | Reached XP level 15. HP: 101/114 MP: 29/29
 23432 | Lair:5   | Entered Level 5 of the Lair of Beasts
 23439 | Lair:5   | Got the Guide on the Doomed Mantle
 24504 | Lair:4   | Reached skill level 10 in Fire Magic
 25174 | Lair:5   | Reached skill level 10 in Fighting
 25174 | Lair:5   | Reached skill level 10 in Short Blades
 25174 | Lair:5   | Reached skill level 10 in Long Blades
 25174 | Lair:5   | Reached skill level 10 in Axes
 25174 | Lair:5   | Reached skill level 10 in Maces & Flails
 25174 | Lair:5   | Reached skill level 10 in Polearms
 25174 | Lair:5   | Reached skill level 10 in Staves
 25174 | Lair:5   | Reached skill level 10 in Ranged Weapons
 25174 | Lair:5   | Reached skill level 10 in Throwing
 25174 | Lair:5   | Reached skill level 10 in Armour
 25174 | Lair:5   | Reached skill level 10 in Shields
 25174 | Lair:5   | Reached skill level 10 in Unarmed Combat
 25174 | Lair:5   | Reached skill level 10 in Evocations
 25481 | Lair:5   | Identified the +6 falchion of Change {flame, Dex+3}
 25756 | Lair:5   | Found a viscous altar of Jiyva.
 25756 | Lair:5   | Found a staircase to the Slime Pits.
 26445 | Lair:5   | HP: 4/115 [alligator (17)]
 27749 | Lair:5   | Identified the +0 chain mail of the Conjuring Gods {rF-
                  | Str+5 Slay+5}
 28098 | D:8      | Bought a scroll of summoning for 95 gold pieces
 28098 | D:8      | Bought a scroll of teleportation for 30 gold pieces
 28098 | D:8      | Bought a scroll of magic mapping for 75 gold pieces
 28098 | D:8      | Bought a scroll of acquirement for 520 gold pieces
 28184 | Orc:1    | Entered Level 1 of the Orcish Mines
 28193 | D:10     | Learned a level 5 spell: Arcjolt
 28362 | Orc:1    | Found a transporter.
 28369 | Orc:1    | Found a transporter.
 28462 | Orc:2    | Entered Level 2 of the Orcish Mines
 28467 | Orc:2    | Found a staircase to the Elven Halls.
 28530 | Orc:2    | Noticed Snorg
 28579 | Orc:1    | Killed Snorg
 29021 | Orc:2    | Mangled by an orc knight

Illustrated notes

Levels and vault maps discovered:
D:1:      eino_arrival_tree_alley, layout_rooms,
          hellmonk_ecumenical_altar_leap_of_faith, serial_shops, shop,
          nicolae_concentric_dashed_squares_mild
D:2:      layout_loops_ring, due_unseen_surprise, uniq_jessica
D:3:      layout_basic, serial_shops, shop, nicolae_square_shop,
          nicolae_shop_overgrown_old_shop
D:4:      layout_basic, mainiacjoe_overflow_catwalk,
          nicolae_tso_besieged_by_evil, enter_ossuary_1
D:5:      layout_rooms, nicolae_alphabet_shops, dk_vineyard_1, st_stairs_8
D:6:      layout_basic, marbit_many_paths
D:7:      cheibrodos_grave_circle, layout_gridville, temple_pool_b,
          enter_bailey_5
D:8:      layout_rooms, serial_shops, nicolae_shop_statue_plus, serial_glass,
          glass_columns_c, glass_columns_a, due_unseen_surprise, feat_on_display
D:9:      hangedman_cross_stitches, layout_irregular_city,
          nicolae_nh_ransacked_shop
D:10:     layout_irregular_city, lemuel_crystal_altar, david_lair_shrubbed,
          david_orc_5, nrook_loot_triangle, billiards_dpeg, uniq_maggie
D:11:     layout_irregular_city, grunt_ministairs_11
D:12:     layout_cave_pods, st_stairs_7, nicolae_hepliaklqana_hazy_memory
D:13:     layout_rooms, serial_shops, shop, chequers_mini_garden
Temple:   regret_index_temple_chain_breaker
Lair:1:   layout_small_grid, enter_volcano_3
Lair:2:   layout_cave_pods
Lair:3:   layout_misc_corridors, elwin_shoals_entry_stream,
          guppyfry_snake_entry_garden, eino_small_chamber_without_monster,
          infiniplex_staircase_pool_2
Lair:4:   layout_gridlike, nicolae_lair_liquid_snakes, grunt_megastairs_3
Lair:5:   guppyfry_lair_end_dragon, layout_big_grid,
          hangedman_lair_caniforms_friends, slime_entry_1
Orc:1:    emtedronai_trogs_sanctum, layout_diamond_mine
Orc:2:    st_orc_rangers, layout_caves, nicolae_specific_store, uniq_snorg

Skill      XL: |  1  2  3  4  5  6  7  8  9 10 11 12 13 14 15 |
---------------+----------------------------------------------+-----
Conjurations   | 2 3 4 6 7 8 9 |  9.1
Fighting       | 1 2 3 4 5 6 7 8 9 10 | 10.5
Short Blades   | 1 2 3 4 5 6 7 8 9 10 | 10.5
Long Blades    | 1 2 3 4 5 6 7 8 9 10 | 10.5
Axes           | 1 2 3 4 5 6 7 8 9 10 | 10.5
Maces & Flails | 1 2 3 4 5 6 7 8 9 10 | 10.5
Polearms       | 1 2 3 4 5 6 7 8 9 10 | 10.5
Staves         | 1 2 3 4 5 6 7 8 9 10 | 10.5
Ranged Weapons | 1 2 3 4 5 6 7 8 9 10 | 10.5
Throwing       | 1 2 3 4 5 6 7 8 9 10 | 10.5
Armour         | 1 2 3 4 5 6 7 8 9 10 | 10.5
Shields        | 1 2 3 4 5 6 7 8 9 10 | 10.5
Unarmed Combat | 1 2 3 4 5 6 7 8 9 10 | 10.5
Spellcasting   | 5 6 7 8 9 10 11 | 11.6
Invocations    | 1 2 3 4 5 7 8 10 11 | 11.4
Evocations     | 1 2 3 4 5 6 7 8 9 10 | 10.5
Hexes          | 1 2 3 4 5 6 7 8 |  8.8
Summonings     | 1 2 3 4 5 6 7 8 |  8.8
Necromancy     | 1 2 3 4 5 6 7 8 |  8.8
Translocations | 1 2 3 4 5 6 7 8 |  8.8
Transmutations | 1 2 3 4 5 6 7 8 |  8.8
Ice Magic      | 1 2 3 4 5 6 7 8 |  8.8
Air Magic      | 1 2 3 4 5 6 7 8 |  8.8
Earth Magic    | 1 2 3 4 5 6 7 8 |  8.8
Poison Magic   | 1 2 3 4 5 6 7 8 |  8.8
Dodging        | 5 6 8 9 10 11 | 11.4
Stealth        | 5 6 7 8 9 10 11 | 11.3
Fire Magic     | 6 7 8 9 10 | 10.4

Action                     |  1- 3 |  4- 6 |  7- 9 | 10-12 | 13-15 || total
---------------------------+-------+-------+-------+-------+-------++-------
  Melee: Short sword       |    11 |    33 |       |       |       ||    44
         Bite              |     1 |    13 |    32 |    66 |    83 ||   195
         Dagger            |       |    64 |       |     4 |       ||    68
         Punch             |       |     2 |       |       |       ||     2
         Quarterstaff      |       |       |   240 |   278 |       ||   518
         Rapier            |       |       |       |    81 |   251 ||   332
         Long sword        |       |       |       |       |   263 ||   263
         Staff             |       |       |       |       |    18 ||    18
   Cast: Foxfire           |    42 |    57 |    61 |   185 |   454 ||   799
         Scorch            |     1 |    26 |    40 |    94 |   189 ||   350
         Inner Flame       |       |     1 |     7 |     2 |     1 ||    11
         Flame Wave        |       |       |       |     7 |    37 ||    44
         Arcjolt           |       |       |       |       |     9 ||     9
 Invoke: Potion Petition   |       |       |       |       |     2 ||     2
  Evoke: Wand              |       |       |       |       |     6 ||     6
    Use: Scroll            |       |    10 |    18 |    21 |     9 ||    58
         Potion            |       |       |     4 |     2 |     6 ||    12
   Stab: Sleeping          |     1 |     7 |     5 |     6 |     6 ||    25
         Distracted        |       |     1 |     5 |    11 |     2 ||    19
 Armour: Robe              |     6 |    19 |    83 |    40 |       ||   148
         Acid dragon scale |       |       |       |    24 |   257 ||   281
  Dodge: Dodged            |    11 |   104 |   476 |   373 |   647 ||  1611
  Block: Kite shield       |       |       |       |   113 |   890 ||  1003
         Reflection        |       |       |       |    16 |    36 ||    52
